[Event "57th Biel Festival ATO 2024"]
[Site "Biel"]
[Date "2024.07.19"]
[Round "4.40"]
[White "Gotti, Nicola"]
[Black "Fernandez Van Raap, Marcela"]
[Result "1/2-1/2"]
[ECO "B13"]
[WhiteElo "1804"]
[BlackElo "1613"]
[Annotator "NA RC"]
[PlyCount "69"]
[EventDate "2024.07.03"]
[EventType "swiss"]
[EventCountry "SUI"]
[SourceTitle "playchess.com"]
[Source "ChessBase"]
[SourceQuality "1"]
[TimeControl "40/5400+30:1800+30"]

1. e4 c6 2. d4 d5 3. exd5 cxd5 4. c4 Nc6 5. Nc3 Nf6 6. cxd5 Nxd5 7. Bc4 Nf6 8. d5 Nb8 9. Nf3 a6 10. Bg5 Nbd7 11. a4 g6 12. O-O Bg7 13. Re1 O-O 14. d6 exd6 15. Qxd6 Qb6 16. Qxb6 Nxb6 17. Bb3 Nbd7 18. Rab1 Nc5 19. Nd5 Nxd5 20. Bxd5 Ne6 21. Bd2 Rb8 22. b3 b5 23. Bc6 Rb6 24. axb5 axb5 25. Rbc1 Bb7 26. Bxb7 Rxb7 27. Bc3 Rd8 28. Bxg7 Kxg7 29. g3 Rd3 30. Re3 Rxe3 31. fxe3 Rd7 32. Kf2 Rd3 33. Rb1 b4 34. Ke2 Rc3 35. Kd2 1/2-1/2

[Event "57th Biel Festival ATO 2024"]
[Site "Biel"]
[Date "2024.07.19"]
[Round "4.41"]
[White "Trachsel, Peter"]
[Black "Harte, Bernd"]
[Result "0-1"]
[ECO "A28"]
[WhiteElo "1782"]
[BlackElo "1592"]
[Annotator "NA RC"]
[PlyCount "74"]
[EventDate "2024.07.03"]
[EventType "swiss"]
[EventCountry "SUI"]
[SourceTitle "playchess.com"]
[Source "ChessBase"]
[SourceQuality "1"]
[TimeControl "40/5400+30:1800+30"]

1. c4 e5 2. Nc3 Nf6 3. Nf3 Nc6 4. e3 Bb4 5. Qc2 h6 6. Be2 O-O 7. O-O d6 8. d3 b6 9. Nd5 Nxd5 10. cxd5 Ne7 11. Qc4 Bc5 12. e4 a5 13. b3 Ba6 14. Qc2 c6 15. dxc6 Nxc6 16. Bb2 Rc8 17. Rfc1 Nd4 18. Qd1 Nxe2+ 19. Qxe2 Re8 20. a3 Bb7 21. Qd2 b5 22. b4 axb4 23. axb4 Bb6 24. Rxc8 Qxc8 25. Nh4 Qd7 26. Nf5 Kh7 27. Kh1 d5 28. Qe2 dxe4 29. dxe4 Bd4 30. Nxd4 exd4 31. f3 f5 32. e5 Qd5 33. f4 g5 34. Qf2 gxf4 35. Bxd4 Rg8 36. Rg1 f3 37. g3 Qxd4 0-1

[Event "57th Biel Festival ATO 2024"]
[Site "Biel"]
[Date "2024.07.20"]
[Round "5.1"]
[White "Kuenzi, Anton"]
[Black "Andrzejewska, Anna"]
[Result "0-1"]
[ECO "A07"]
[WhiteElo "1862"]
[BlackElo "1933"]
[Annotator "NA"]
[PlyCount "78"]
[EventDate "2024.07.03"]
[EventType "swiss"]
[EventCountry "SUI"]
[SourceTitle "playchess.com"]
[Source "ChessBase"]
[SourceQuality "1"]
[TimeControl "40/5400+30:1800+30"]

1. Nf3 Nf6 2. b3 d5 3. Bb2 Bf5 4. g3 e6 5. Bg2 h6 6. O-O Be7 7. d3 O-O 8. Nbd2 Bh7 9. c4 c5 10. cxd5 exd5 11. d4 b6 12. Ne5 Qc7 13. Rc1 Nc6 14. Nxc6 Qxc6 15. b4 Qb5 16. dxc5 Qxb4 17. Bc3 Qa3 18. Bxf6 Bxf6 19. Bxd5 Rad8 20. e4 bxc5 21. Qb3 Qa5 22. Nc4 Qc7 23. Ne3 Qe7 24. Rfe1 Rb8 25. Qc4 Rb4 26. Qxc5 Qxc5 27. Rxc5 Bxe4 28. Ng4 Be7 29. Ra5 Bd8 30. a3 Rd4 31. Bxf7+ Rxf7 32. Re5 Bb7 33. Re8+ Kh7 34. Ne5 Re7 35. Rh8+ Kxh8 36. Ng6+ Kh7 37. Nxe7 Bxe7 38. f3 Bc5 39. Kg2 Rd2+ 0-1

[Event "57th Biel Festival ATO 2024"]
[Site "Biel"]
[Date "2024.07.20"]
[Round "5.2"]
[White "Nasybullina, Alfia"]
[Black "Kalbermatter, Philipp"]
[Result "1-0"]
[ECO "B01"]
[WhiteElo "1997"]
[BlackElo "1912"]
[Annotator "NA"]
[PlyCount "77"]
[EventDate "2024.07.03"]
[EventType "swiss"]
[EventCountry "SUI"]
[SourceTitle "playchess.com"]
[Source "ChessBase"]
[SourceQuality "1"]
[TimeControl "40/5400+30:1800+30"]

1. e4 d5 2. exd5 Qxd5 3. Nc3 Qd8 4. d4 Nf6 5. Nf3 Bg4 6. Bc4 e6 7. Bg5 c6 8. O-O Be7 9. Bxf6 gxf6 10. h3 Bh5 11. Ne4 Nd7 12. b4 f5 13. Ng3 Bxf3 14. Qxf3 Nb6 15. Bb3 Qc7 16. b5 O-O 17. bxc6 bxc6 18. Nh5 Nd5 19. c4 Nf6 20. Nf4 Kh8 21. d5 cxd5 22. cxd5 Bd6 23. Rac1 Qb8 24. Nh5 Nxh5 25. Qxh5 Qd8 26. Rcd1 Qe7 27. Rfe1 e5 28. Qxf5 Rac8 29. Re4 Rc7 30. g3 Rg8 31. Rg4 Rxg4 32. hxg4 f6 33. Kg2 Qg7 34. Rh1 Qe7 35. Rh6 Qg7 36. Rxf6 Rd7 37. g5 Be7 38. Qxd7 Bxf6 39. Qe8+ 1-0

[Event "57th Biel Festival ATO 2024"]
[Site "Biel"]
[Date "2024.07.20"]
[Round "5.3"]
[White "Conrad, Vincent"]
[Black "Noh, Jinwoo"]
[Result "0-1"]
[ECO "E04"]
[WhiteElo "1931"]
[BlackElo "1824"]
[Annotator "NA"]
[PlyCount "54"]
[EventDate "2024.07.03"]
[EventType "swiss"]
[EventCountry "SUI"]
[SourceTitle "playchess.com"]
[Source "ChessBase"]
[SourceQuality "1"]
[TimeControl "40/5400+30:1800+30"]

1. Nf3 Nf6 2. d4 d5 3. c4 e6 4. g3 dxc4 5. Bg2 Nc6 6. O-O Rb8 7. Ne5 Nxe5 8. dxe5 Nd5 9. Qc2 Be7 10. Rd1 O-O 11. a3 Qe8 12. Qxc4 b5 13. Qc2 c5 14. Nd2 Bb7 15. Ne4 Qc6 16. Bd2 Qc7 17. Nd6 Ba6 18. e4 Nb6 19. Ba5 f6 20. Rac1 fxe5 21. Qxc5 Qxc5 22. Rxc5 Nc4 23. Rxc4 bxc4 24. Bb4 Rfd8 25. Bh3 Rxb4 26. Bxe6+ Kf8 27. axb4 Rxd6 0-1

[Event "57th Biel Festival ATO 2024"]
[Site "Biel"]
[Date "2024.07.20"]
[Round "5.4"]
[White "Oestmann, Lukas"]
[Black "Primbetova, Raikhan"]
[Result "1-0"]
[ECO "C07"]
[WhiteElo "1926"]
[BlackElo "1534"]
[Annotator "NA"]
[PlyCount "50"]
[EventDate "2024.07.03"]
[EventType "swiss"]
[EventCountry "SUI"]
[SourceTitle "playchess.com"]
[Source "ChessBase"]
[SourceQuality "1"]
[TimeControl "40/5400+30:1800+30"]

1. e4 e6 2. d4 d5 3. Nd2 c5 4. exd5 Qxd5 5. Ngf3 cxd4 6. Bc4 Qd6 7. O-O Nf6 8. Nb3 Nc6 9. Nbxd4 Nxd4 10. Nxd4 Be7 11. Nb5 Qc6 12. b3 O-O 13. Bb2 Rd8 14. Qe2 a6 15. Nd4 Qb6 16. Nf5 Qc5 17. Nxe7+ Qxe7 18. Bd3 Ra7 19. Qe3 b5 20. a4 b4 21. Bd4 Ng4 22. Qh3 h5 23. Qxh5 Nf6 24. Qh4 Qd6 25. Rfd1 Qe7 1-0

[Event "57th Biel Festival ATO 2024"]
[Site "Biel"]
[Date "2024.07.20"]
[Round "5.5"]
[White "Meshach, Felix"]
[Black "Kuenzli, Simon"]
[Result "1-0"]
[ECO "B12"]
[WhiteElo "1773"]
[BlackElo "1919"]
[Annotator "RC"]
[PlyCount "29"]
[EventDate "2024.07.03"]
[EventType "swiss"]
[EventCountry "SUI"]
[SourceTitle "playchess.com"]
[Source "ChessBase"]
[SourceQuality "1"]
[TimeControl "40/5400+30:1800+30"]

1. e4 c6 2. d4 d5 3. f3 dxe4 4. fxe4 e5 5. Nf3 exd4 6. Bc4 Nf6 7. O-O Be6 8. Bxe6 fxe6 9. e5 Nfd7 10. Ng5 Qb6 11. Nxe6 c5 12. Qg4 Nc6 13. Bg5 Ncxe5 14. Nc7+ Qxc7 15. Qe6+ 1-0

[Event "57th Biel Festival ATO 2024"]
[Site "Biel"]
[Date "2024.07.20"]
[Round "5.6"]
[White "Yu, Tianxiang Carlos"]
[Black "Bangerter, Daria"]
[Result "1-0"]
[ECO "B27"]
[WhiteElo "1769"]
[BlackElo "1931"]
[Annotator "ChessBase"]
[PlyCount "116"]
[EventDate "2024.07.03"]
[EventType "swiss"]
[EventCountry "SUI"]
[SourceTitle "playchess.com"]
[Source "ChessBase"]
[SourceQuality "1"]
[TimeControl "40/5400+30:1800+30"]

1. e4 c5 2. Nf3 g6 3. d4 cxd4 4. Qxd4 Nf6 5. Nc3 Nc6 6. Qa4 d6 7. e5 dxe5 8. Nxe5 Bd7 9. Nxd7 Nxd7 10. Be3 Bg7 11. Rd1 O-O 12. Be2 e6 13. O-O Qe7 14. Rd2 Rac8 15. Ne4 Nb6 16. Qb5 Qb4 17. Qxb4 Nxb4 18. Bc5 Rxc5 19. Nxc5 Bxb2 20. Nxb7 Bc3 21. Rd8 Nxa2 22. Bd3 Rxd8 23. Nxd8 a5 24. Rb1 Nb4 25. Nc6 N6d5 26. Nxb4 axb4 27. Bc4 Kg7 28. Rd1 Ne7 29. g4 Nc6 30. Bb3 Ne5 31. h3 Nf3+ 32. Kg2 Nd4 33. f4 Kf6 34. Kf2 Ke7 35. Ke3 Nb5 36. Ba4 Nd6 37. Kf3 f6 38. h4 e5 39. fxe5 Bxe5 40. Rd5 Bc3 41. Ra5 Bd4 42. Ra8 f5 43. g5 Bg7 44. Rb8 Bc3 45. Bb3 Be1 46. Rh8 Ne4 47. Rxh7+ Kf8 48. Kg2 Nd6 49. Kh3 Bc3 50. Rd7 Ne4 51. Bf7 Nf2+ 52. Kg2 Ng4 53. Bxg6 Ne3+ 54. Kf3 Nxc2 55. Bxf5 Nd4+ 56. Ke4 Kg8 57. h5 Kf8 58. h6 Kg8 1-0

[Event "57th Biel Festival ATO 2024"]
[Site "Biel"]
[Date "2024.07.20"]
[Round "5.7"]
[White "Wiesmann, Dominique"]
[Black "Galopin, Clement"]
[Result "1-0"]
[ECO "E14"]
[WhiteElo "1963"]
[BlackElo "1816"]
[Annotator "NA"]
[PlyCount "59"]
[EventDate "2024.07.03"]
[EventType "swiss"]
[EventCountry "SUI"]
[SourceTitle "playchess.com"]
[Source "ChessBase"]
[SourceQuality "1"]
[TimeControl "40/5400+30:1800+30"]

1. Nf3 Nf6 2. e3 e6 3. d4 b6 4. c4 Bb7 5. Bd3 Ne4 6. O-O f5 7. Nfd2 c5 8. Nxe4 fxe4 9. Bc2 Qg5 10. Nc3 d5 11. f3 Bd6 12. fxe4 dxe4 13. Nb5 Qe7 14. Nxd6+ Qxd6 15. Qg4 Nd7 16. Bxe4 O-O-O 17. Bxb7+ Kxb7 18. Bd2 Qe7 19. Qe4+ Kc7 20. Be1 Nf6 21. Bg3+ Kd7 22. Qb7+ Ke8 23. Qxe7+ Kxe7 24. dxc5 bxc5 25. Rad1 Ne4 26. Be5 Nf6 27. h3 h5 28. Kf2 Rhf8 29. Ke2 g6 30. Rxd8 1-0

[Event "57th Biel Festival ATO 2024"]
[Site "Biel"]
[Date "2024.07.20"]
[Round "5.8"]
[White "Kulikov, Mikhail L"]
[Black "Bangerter, Ena"]
[Result "1-0"]
[ECO "E09"]
[WhiteElo "1954"]
[BlackElo "1771"]
[Annotator "ChessBase"]
[PlyCount "181"]
[EventDate "2024.07.03"]
[EventType "swiss"]
[EventCountry "SUI"]
[SourceTitle "playchess.com"]
[Source "ChessBase"]
[SourceQuality "1"]
[TimeControl "40/5400+30:1800+30"]

1. Nf3 Nf6 2. d4 d5 3. c4 e6 4. g3 Be7 5. Bg2 O-O 6. O-O Nbd7 7. Qc2 c6 8. Nbd2 b6 9. b3 Bb7 10. Bb2 c5 11. e3 Rc8 12. Ne5 Qc7 13. Nxd7 Qxd7 14. dxc5 Rxc5 15. Qd3 Ba6 16. Rfd1 Rd8 17. Qe2 Qc8 18. Bd4 Rc7 19. Be5 Rc5 20. Bd4 Rc7 21. Rac1 dxc4 22. bxc4 b5 23. c5 Bxc5 24. Nb3 Bxd4 25. Rxc7 Qxc7 26. Nxd4 Qd6 27. Rb1 b4 28. Qb2 Nd5 29. Bxd5 Qxd5 30. Qxb4 h6 31. Qb3 Bc4 32. Qa4 Bxa2 33. Ra1 Bc4 34. Nc6 Bb5 35. Ne7+ Kf8 36. Nxd5 Bxa4 37. Nc3 Bc6 38. Rxa7 Rd3 39. Ra3 Ke7 40. Kf1 Rd7 41. Ke2 Rb7 42. e4 Rb2+ 43. Ke3 Kf6 44. Ra6 Bb7 45. Ra5 Bc6 46. h3 g6 47. Rc5 Bb7 48. h4 h5 49. f3 Rb3 50. Rc7 Ba6 51. g4 Kg7 52. Kf4 Kf6 53. e5+ Kg7 54. gxh5 gxh5 55. Ne4 Kg6 56. Ng5 Rb7 57. Rc6 Rb4+ 58. Kg3 Bc4 59. Rc8 Ba6 60. Rg8+ Kh6 61. Nxf7+ Kh7 62. Rg5 Bc4 63. Nd6 Kh6 64. Nxc4 Rxc4 65. Rg8 Rc5 66. f4 Rc3+ 67. Kf2 Rh3 68. Re8 Rxh4 69. Rxe6+ Kg7 70. Kg3 Rg4+ 71. Kf3 Rg1 72. Rd6 h4 73. Rd2 Rf1+ 74. Ke4 h3 75. Rh2 Kg6 76. Rxh3 Re1+ 77. Re3 Ra1 78. Rg3+ Kf7 79. Kf5 Ra5 80. Rc3 Ke7 81. Rc7+ Kd8 82. Rh7 Ke8 83. Kf6 Ra6+ 84. e6 Kd8 85. f5 Rb6 86. Ra7 Rc6 87. Kf7 Kc8 88. e7 Kb8 89. e8=Q+ Rc8 90. Qxc8+ Kxc8 91. Ke7 1-0

[Event "57th Biel Festival ATO 2024"]
[Site "Biel"]
[Date "2024.07.20"]
[Round "5.9"]
[White "Schneuwly, Achim"]
[Black "Boillat, Maxime"]
[Result "0-1"]
[ECO "A09"]
[WhiteElo "1933"]
[BlackElo "1768"]
[Annotator "NA"]
[PlyCount "42"]
[EventDate "2024.07.03"]
[EventType "swiss"]
[EventCountry "SUI"]
[SourceTitle "playchess.com"]
[Source "ChessBase"]
[SourceQuality "1"]
[TimeControl "40/5400+30:1800+30"]

1. Nf3 d5 2. c4 d4 3. e3 Nc6 4. g3 e5 5. Bg2 Nf6 6. O-O Bc5 7. exd4 Nxd4 8. Nxe5 c6 9. d3 O-O 10. Be3 Re8 11. f4 Rxe5 12. fxe5 Ng4 13. Bf2 Nxf2 14. Rxf2 Nf5 15. Qe2 Nh6 16. Nc3 Bxf2+ 17. Qxf2 Be6 18. Qe2 Qd4+ 19. Kh1 Ng4 20. Be4 Nf2+ 21. Kg2 Bh3+ 0-1

[Event "57th Biel Festival ATO 2024"]
[Site "Biel"]
[Date "2024.07.20"]
[Round "5.10"]
[White "Moon, Sunwoong"]
[Black "Jud, Marc"]
[Result "0-1"]
[ECO "D02"]
[WhiteElo "1661"]
[BlackElo "1925"]
[Annotator "NA"]
[PlyCount "98"]
[EventDate "2024.07.03"]
[EventType "swiss"]
[EventCountry "SUI"]
[SourceTitle "playchess.com"]
[Source "ChessBase"]
[SourceQuality "1"]
[TimeControl "40/5400+30:1800+30"]

1. d4 d5 2. Bf4 e6 3. e3 Nf6 4. Nf3 c5 5. c3 Be7 6. h3 O-O 7. Bd3 c4 8. Be2 b5 9. Nbd2 Bb7 10. Ne5 Nbd7 11. Ndf3 Nxe5 12. Nxe5 Nd7 13. O-O Nxe5 14. Bxe5 Bd6 15. f4 f5 16. Qe1 Bxe5 17. fxe5 a5 18. a4 bxa4 19. Bd1 Bc6 20. Bxa4 Bxa4 21. Rxa4 Rb8 22. Qa1 Rb5 23. Qa3 Qb6 24. Ra1 Ra8 25. Qe7 h6 26. Rb4 Rxb4 27. cxb4 a4 28. Qc5 Qb7 29. b5 Ra5 30. Qd6 Kf7 31. g4 a3 32. bxa3 Rxb5 33. gxf5 Rb1+ 34. Rxb1 Qxb1+ 35. Kf2 Qxf5+ 36. Ke2 Qd3+ 37. Kf2 Qf5+ 38. Kg2 Kg6 39. Qc6 Qc2+ 40. Kf3 Kf5 41. Qd7 Qd1+ 42. Kg2 Qe2+ 43. Kh1 Qf3+ 44. Kh2 c3 45. Qf7+ Ke4 46. Qxe6 Kxe3 47. Qc6 Kd2 48. e6 c2 49. e7 Qe2+ 0-1

[Event "57th Biel Festival ATO 2024"]
[Site "Biel"]
[Date "2024.07.20"]
[Round "5.11"]
[White "Haas, Anthony"]
[Black "Leuenberger, Urs"]
[Result "1/2-1/2"]
[ECO "D78"]
[WhiteElo "1824"]
[BlackElo "1903"]
[Annotator "NA"]
[PlyCount "109"]
[EventDate "2024.07.03"]
[EventType "swiss"]
[EventCountry "SUI"]
[SourceTitle "playchess.com"]
[Source "ChessBase"]
[SourceQuality "1"]
[TimeControl "40/5400+30:1800+30"]

1. d4 Nf6 2. c4 g6 3. g3 c6 4. Bg2 d5 5. Nf3 Bg7 6. O-O O-O 7. Nbd2 Ne4 8. Qb3 Nxd2 9. Bxd2 Qb6 10. Qxb6 axb6 11. cxd5 cxd5 12. Rfc1 Nc6 13. e3 e6 14. Bf1 Bd7 15. a3 Rfc8 16. b4 Bf8 17. b5 Na5 18. Bxa5 Rxa5 19. Rxc8 Bxc8 20. a4 Bd6 21. Bd3 f6 22. Kf1 Bd7 23. Nd2 Ra8 24. Nb3 Rc8 25. Rc1 Ra8 26. Ra1 e5 27. dxe5 fxe5 28. e4 d4 29. Bc4+ Kf8 30. Ke2 Ke7 31. a5 Bb4 32. axb6 Rxa1 33. Nxa1 Bc5 34. Nb3 Bxb6 35. f4 Kd6 36. Kd3 h6 37. Nd2 Bg4 38. Bd5 exf4 39. gxf4 Bd7 40. Nc4+ Kc5 41. Nxb6 Kxb6 42. Kxd4 Bxb5 43. h4 Be8 44. f5 gxf5 45. exf5 Kc7 46. Ke5 Kd7 47. Bxb7 Ke7 48. Bd5 Bh5 49. Bg8 Kf8 50. Bc4 Bg4 51. Kf6 Bxf5 52. Kxf5 Kg7 53. h5 Kh7 54. Kf6 Kh8 55. Kg6 1/2-1/2

[Event "57th Biel Festival ATO 2024"]
[Site "Biel"]
[Date "2024.07.20"]
[Round "5.13"]
[White "Schmid, Nicola"]
[Black "Akhmediyar, Yernur"]
[Result "0-1"]
[ECO "E12"]
[WhiteElo "1888"]
[BlackElo "1751"]
[Annotator "NA"]
[PlyCount "78"]
[EventDate "2024.07.03"]
[EventType "swiss"]
[EventCountry "SUI"]
[SourceTitle "playchess.com"]
[Source "ChessBase"]
[SourceQuality "1"]
[TimeControl "40/5400+30:1800+30"]

1. Nf3 Nf6 2. c4 e6 3. d4 b6 4. a3 Be7 5. Nc3 Bb7 6. d5 d6 7. e4 Nbd7 8. dxe6 fxe6 9. Ng5 Nf8 10. Bd3 N6d7 11. Nh3 Ng6 12. f4 Bf6 13. O-O Nc5 14. Bc2 Bxc3 15. bxc3 Qd7 16. f5 exf5 17. exf5 Ne5 18. f6 gxf6 19. Rxf6 Qg4 20. Qxg4 Nxg4 21. Rf4 Ne5 22. Be3 Rg8 23. g3 Nf3+ 24. Kf2 Ne5 25. Bxh7 Ncd3+ 26. Kf1 Nxf4 27. Bxg8 Nxh3 28. Be6 Ba6 29. Bxh3 Nxc4 30. Kf2 Ke7 31. Bg5+ Kf7 32. Re1 Ne5 33. Re4 Nd3+ 34. Ke3 Ne5 35. Rf4+ Kg6 36. Bh4 Re8 37. Rf6+ Kg7 38. Re6 Nc4+ 39. Kf4 Kf7 0-1

[Event "57th Biel Festival ATO 2024"]
[Site "Biel"]
[Date "2024.07.20"]
[Round "5.14"]
[White "Nergard, Ole-Kristian"]
[Black "Sushrutha, Reddy"]
[Result "1-0"]
[ECO "A25"]
[WhiteElo "1830"]
[BlackElo "1649"]
[Annotator "NA"]
[PlyCount "167"]
[EventDate "2024.07.03"]
[EventType "swiss"]
[EventCountry "SUI"]
[SourceTitle "playchess.com"]
[Source "ChessBase"]
[SourceQuality "1"]
[TimeControl "40/5400+30:1800+30"]

1. c4 e5 2. g3 Nc6 3. Bg2 d6 4. Nc3 Be6 5. d3 g6 6. h4 Nf6 7. Nd5 Bg7 8. Bg5 h6 9. Bd2 O-O 10. Qc1 Kh7 11. Nxf6+ Bxf6 12. Bxh6 Re8 13. Nf3 Nd4 14. Nxd4 exd4 15. Bxb7 Bg4 16. f3 Qe7 17. Rh2 Rab8 18. Bc6 Bd7 19. Bxd7 Qxd7 20. Bg5 Bxg5 21. hxg5+ Kg7 22. Qf4 Qf5 23. Qxd4+ Qe5 24. Qxe5+ Rxe5 25. f4 Re3 26. Kf2 Rbe8 27. Re1 a5 28. b3 c6 29. Rg2 d5 30. cxd5 cxd5 31. g4 d4 32. Rg3 R3e6 33. e4 Rh8 34. Rc1 a4 35. bxa4 Rb6 36. Rc2 Rb1 37. Rg2 Rh3 38. Rd2 Rb4 39. f5 gxf5 40. gxf5 f6 41. g6 Rxa4 42. Kg1 Ra3 43. Rb2 Raxd3 44. Rb7+ Kg8 45. Rc2 Rhg3+ 46. Kf1 Rgf3+ 47. Ke1 Rfe3+ 48. Re2 Rh3 49. Kf1 Rdf3+ 50. Rf2 Re3 51. Re2 Ref3+ 52. Ke1 Rd3 53. Rb3 Rh1+ 54. Kf2 Rdd1 55. Kf3 Rh3+ 56. Kg2 Rxb3 57. axb3 d3 58. Re3 d2 59. Rd3 Rb1 60. Rxd2 Rxb3 61. Kf2 Ra3 62. Rd6 Kg7 63. Rd7+ Kg8 64. Rf7 Ra4 65. Kf3 Ra6 66. Kf4 Rb6 67. Re7 Rb1 68. Rf7 Rb6 69. Re7 Rb1 70. Ke3 Rb4 71. e5 fxe5 72. f6 Rb8 73. Ke4 Rb4+ 74. Kf5 Rb8 75. Rxe5 Ra8 76. Rd5 Rb8 77. Rd7 Kf8 78. Ke6 Re8+ 79. Kf5 Ra8 80. Rf7+ Kg8 81. Rd7 Kf8 82. g7+ Kg8 83. Kg6 Ra6 84. Rd8# 1-0

[Event "57th Biel Festival ATO 2024"]
[Site "Biel"]
[Date "2024.07.20"]
[Round "5.15"]
[White "Ribera Caro, Joan"]
[Black "Lachausse, Bruno"]
[Result "1-0"]
[ECO "B22"]
[WhiteElo "1920"]
[BlackElo "1787"]
[Annotator "ChessBase"]
[PlyCount "92"]
[EventDate "2024.07.03"]
[EventType "swiss"]
[EventCountry "SUI"]
[SourceTitle "playchess.com"]
[Source "ChessBase"]
[SourceQuality "1"]
[TimeControl "40/5400+30:1800+30"]

1. e4 c5 2. c3 d5 3. exd5 Qxd5 4. Nf3 g6 5. d4 cxd4 6. Qxd4 Qxd4 7. Nxd4 a6 8. Be2 Bg7 9. Be3 e5 10. Nb3 Ne7 11. N1d2 Nd7 12. Bf3 Nf5 13. Nc4 Nxe3 14. Nxe3 f5 15. O-O e4 16. Be2 Ne5 17. Nd5 Kf7 18. Nb6 Rb8 19. Nxc8 Rbxc8 20. Rad1 Rhd8 21. f4 Nd7 22. Rd5 Nb6 23. Rxd8 Rxd8 24. Na5 Rd2 25. Bc4+ Kf8 26. Rf2 Nxc4 27. Nxc4 Rd7 28. Rd2 Rxd2 29. Nxd2 Ke7 30. Nb1 b5 31. b3 Kd6 32. Kf2 Kd5 33. Ke3 Bf8 34. Nd2 Bg7 35. c4+ Kc5 36. cxb5 axb5 37. a4 bxa4 38. bxa4 Kb4 39. Nxe4 fxe4 40. Kxe4 Kxa4 41. g4 Kb5 42. h4 Kc6 43. f5 Bf6 44. g5 Bc3 45. fxg6 hxg6 46. h5 gxh5 1-0

[Event "57th Biel Festival ATO 2024"]
[Site "Biel"]
[Date "2024.07.20"]
[Round "5.16"]
[White "Kim, Donghan"]
[Black "Dreke, Frank"]
[Result "0-1"]
[ECO "B05"]
[WhiteElo "1746"]
[BlackElo "1915"]
[Annotator "NA"]
[PlyCount "64"]
[EventDate "2024.07.03"]
[EventType "swiss"]
[EventCountry "SUI"]
[SourceTitle "playchess.com"]
[Source "ChessBase"]
[SourceQuality "1"]
[TimeControl "40/5400+30:1800+30"]

1. e4 Nf6 2. e5 Nd5 3. d4 d6 4. Nf3 Bg4 5. Be2 e6 6. exd6 cxd6 7. O-O Be7 8. c4 Nb6 9. Bf4 O-O 10. Nc3 Nc6 11. b3 Bf6 12. Be3 d5 13. c5 Nc8 14. Rc1 N8e7 15. h3 Bxf3 16. Bxf3 Nf5 17. Ne2 Nxe3 18. fxe3 Qc7 19. Qd2 Bg5 20. Nc3 Rad8 21. Rce1 f5 22. Re2 Rf6 23. Nb5 Qb8 24. Qe1 Rh6 25. Qd2 a6 26. Nc3 Rf8 27. Rb1 Rff6 28. a3 Rfg6 29. Kh1 Qg3 30. Rf1 Rxh3+ 31. Kg1 Qh2+ 32. Kf2 Bh4# 0-1

[Event "57th Biel Festival ATO 2024"]
[Site "Biel"]
[Date "2024.07.20"]
[Round "5.18"]
[White "Christoffersen, Odd"]
[Black "Wenger, Arejou"]
[Result "0-1"]
[ECO "B40"]
[WhiteElo "1676"]
[BlackElo "1875"]
[Annotator "NA"]
[PlyCount "58"]
[EventDate "2024.07.03"]
[EventType "swiss"]
[EventCountry "SUI"]
[SourceTitle "playchess.com"]
[Source "ChessBase"]
[SourceQuality "1"]
[TimeControl "40/5400+30:1800+30"]

1. e4 c5 2. Nf3 e6 3. g3 d5 4. exd5 exd5 5. d4 Nf6 6. Bg2 Be7 7. Nbd2 O-O 8. dxc5 Bxc5 9. O-O Nc6 10. Nb3 Bb6 11. c3 Bf5 12. Bg5 h6 13. Bxf6 Qxf6 14. Qd2 Be4 15. Nfd4 Rad8 16. f3 Bg6 17. Rad1 Rfe8 18. f4 Be4 19. Kh1 Bxg2+ 20. Kxg2 Re4 21. Nf3 d4 22. cxd4 Nxd4 23. Nbxd4 Bxd4 24. b3 Qc6 25. a4 Rde8 26. Qd3 Re2+ 27. Kh1 R8e3 28. Qxd4 Rxf3 29. Kg1 Rxf1+ 0-1

[Event "57th Biel Festival ATO 2024"]
[Site "Biel"]
[Date "2024.07.20"]
[Round "5.19"]
[White "Keymer, Cecilia"]
[Black "Retti, Marco"]
[Result "1/2-1/2"]
[ECO "A52"]
[WhiteElo "1865"]
[BlackElo "1772"]
[Annotator "NA"]
[PlyCount "61"]
[EventDate "2024.07.03"]
[EventType "swiss"]
[EventCountry "SUI"]
[SourceTitle "playchess.com"]
[Source "ChessBase"]
[SourceQuality "1"]
[TimeControl "40/5400+30:1800+30"]

1. d4 Nf6 2. c4 e5 3. dxe5 Ng4 4. e4 Nxe5 5. f4 Ng6 6. Nc3 Bb4 7. Nge2 Qe7 8. a3 Bxc3+ 9. Nxc3 d6 10. Be2 b6 11. Qd3 Bb7 12. Be3 Nd7 13. Nd5 Bxd5 14. exd5 Nc5 15. Qc3 O-O 16. Bxc5 bxc5 17. g3 Rae8 18. Qd3 Qe3 19. Qxe3 Rxe3 20. Kd2 Rfe8 21. Bd3 Nf8 22. Rhe1 Rxe1 23. Rxe1 Rxe1 24. Kxe1 g6 25. g4 Nd7 26. b4 f6 27. Kd2 Kf7 28. Ke3 Ke7 29. h4 Kf7 30. Kf3 Kg7 31. Kg3 1/2-1/2

[Event "57th Biel Festival ATO 2024"]
[Site "Biel"]
[Date "2024.07.20"]
[Round "5.21"]
[White "Jaggy, Enzo"]
[Black "Jordan, Christina"]
[Result "0-1"]
[ECO "D46"]
[WhiteElo "1835"]
[BlackElo "1749"]
[Annotator "NA RC"]
[PlyCount "46"]
[EventDate "2024.07.03"]
[EventType "swiss"]
[EventCountry "SUI"]
[SourceTitle "playchess.com"]
[Source "ChessBase"]
[SourceQuality "1"]
[TimeControl "40/5400+30:1800+30"]

1. d4 d5 2. Nf3 Nf6 3. e3 c6 4. c4 e6 5. Nc3 Nbd7 6. Bd2 Bd6 7. Bd3 O-O 8. O-O Re8 9. e4 e5 10. dxe5 Nxe5 11. Nxe5 Bxe5 12. exd5 cxd5 13. cxd5 Nxd5 14. Nxd5 Qxd5 15. Bc3 Be6 16. Bxh7+ Kxh7 17. Qh5+ Kg8 18. Qxe5 Qxe5 19. Bxe5 Bc4 20. Rfc1 Bxa2 21. Bxg7 Kxg7 22. Rxa2 Rac8 23. Rxc8 Re1# 0-1

[Event "57th Biel Festival ATO 2024"]
[Site "Biel"]
[Date "2024.07.20"]
[Round "5.22"]
[White "Kim, Yejun"]
[Black "Papaux, Jeremie"]
[Result "1-0"]
[ECO "C88"]
[WhiteElo "1642"]
[BlackElo "1814"]
[Annotator "NA RC"]
[PlyCount "37"]
[EventDate "2024.07.03"]
[EventType "swiss"]
[EventCountry "SUI"]
[SourceTitle "playchess.com"]
[Source "ChessBase"]
[SourceQuality "1"]
[TimeControl "40/5400+30:1800+30"]

1. e4 e5 2. Nf3 Nc6 3. Bb5 a6 4. Ba4 Nf6 5. O-O Be7 6. Re1 b5 7. Bb3 O-O 8. a4 Bb7 9. d3 d6 10. Nbd2 Nd7 11. Nf1 Nc5 12. Bd5 Nxa4 13. d4 Bf6 14. Ne3 Nb6 15. dxe5 Nxd5 16. Nxd5 Nxe5 17. Nxe5 dxe5 18. f3 h6 19. g4 1-0

[Event "57th Biel Festival ATO 2024"]
[Site "Biel"]
[Date "2024.07.20"]
[Round "5.23"]
[White "Schaer, Bryan"]
[Black "Van Bogaert, Olivier"]
[Result "1-0"]
[ECO "B17"]
[WhiteElo "1803"]
[BlackElo "1815"]
[Annotator "NA"]
[PlyCount "101"]
[EventDate "2024.07.03"]
[EventType "swiss"]
[EventCountry "SUI"]
[SourceTitle "playchess.com"]
[Source "ChessBase"]
[SourceQuality "1"]
[TimeControl "40/5400+30:1800+30"]

1. e4 c6 2. Nf3 d5 3. Nc3 dxe4 4. Nxe4 Nd7 5. Bc4 e6 6. Qe2 Ndf6 7. O-O Nxe4 8. Qxe4 Nf6 9. Qe2 Be7 10. d4 O-O 11. Bf4 Nd5 12. Be5 Bf6 13. Rad1 Bxe5 14. dxe5 Qa5 15. Qe4 Ne7 16. Rd3 Ng6 17. Bb3 Qc7 18. Rfd1 a5 19. c3 a4 20. Bc2 Ra5 21. Rd6 Rd5 22. h4 f5 23. Qe3 Nxe5 24. R6xd5 Nxf3+ 25. Qxf3 exd5 26. Bxa4 Re8 27. Bc2 Re5 28. Bb3 Qe7 29. Qf4 Re1+ 30. Rxe1 Qxe1+ 31. Kh2 Qe7 32. Bc2 Qe6 33. Bb3 Qe4 34. Qc7 Qe8 35. Qb8 Kf8 36. Bc2 h6 37. Qf4 Qe6 38. g4 Qe2 39. Bxf5 Bxf5 40. Qxf5+ Kg8 41. Qc8+ Kh7 42. Qf5+ Kg8 43. g5 hxg5 44. hxg5 Qh5+ 45. Kg3 g6 46. Qc8+ Kg7 47. Qxb7+ Kg8 48. Qc8+ Kf7 49. Qd7+ Kf8 50. Qg4 Qh1 51. Qf3+ 1-0